 Dungeon Crawl Stone Soup version 0.21.1-1-g345015f (webtiles) character file.

3420 Kairos the Archer (level 9, -2/75 HPs)
             Began as a Centaur Hunter on Apr 24, 2018.
             Slain by a troll (9 damage)
             ... on level 8 of the Dungeon.
             The game lasted 00:20:38 (9840 turns).

Kairos the Archer (Centaur Hunter)                  Turns: 9840, Time: 00:20:39

Health: -2/75      AC:  9    Str: 18      XL:     9   Next: 76%
Magic:  9/9        EV:  9    Int: 10      God:
Gold:   462        SH:  2    Dex:  8 (10) Spells: 8/8 levels left

rFire    . . .     SeeInvis .   K - +7 Screaming Sword
rCold    + . .     Gourm    .   (no shield)
rNeg     . . .     Faith    .   m - +2 ring mail {MR+}
rPois    +         Spirit   .   l - +0 helmet
rElec    .         Reflect  +   q - scarf {cloud immunity}
rCorr    .         Harm     .   (no gloves)
MR       +++..                  (no barding)
Stlth    ..........             t - +2 amulet of reflection
HPRegen  0.62/turn              e - ring of poison resistance
MPRegen  0.11/turn              S - ring of protection from magic

@: lethally poisoned (-2 -> -9), about to teleport, very quick
A: large, hooves 3, cold resistance 1, deformed body, speed 2, magic resistance
1, regeneration 1, tough skin 3
a: no special abilities


You were on level 8 of the Dungeon.
You were not hungry.

You visited 1 branch of the dungeon, and saw 9 of its levels.

You collected 644 gold pieces.
You spent 182 gold pieces at shops.

Inventory:

Hand Weapons
 K - the +7 Screaming Sword (weapon)
   (You found it on level 5 of the Dungeon)
 N - a +6 shortbow of flaming
 R - the +7 spear of the Big Bang {pain, rN+}
   (You found it on level 6 of the Dungeon)

   In the hands of one skilled in necromantic magic, it inflicts extra damage on
   living creatures.
   It protects you from negative energy.
Missiles
 d - 29 arrows
Armour
 l - a +0 helmet (worn)
 m - a +2 ring mail of magic resistance (worn)
 o - a +0 cloak
 q - a scarf of cloud immunity (worn)
Jewellery
 e - a ring of poison resistance (left hand)
 n - an uncursed ring of protection from cold
 p - an uncursed ring of protection from fire
 t - a +2 amulet of reflection (around neck)
 M - an uncursed amulet of magic regeneration
 S - a ring of protection from magic (right hand)
Wands
 c - a wand of acid (10)
 g - a wand of flame (21)
 x - a wand of digging (9)
 D - a wand of random effects (32)
 I - a wand of scattershot (2)
Scrolls
 w - 3 scrolls of fear {unknown}
 y - 3 scrolls of immolation {unknown}
 A - a scroll of magic mapping {unknown}
 C - 5 scrolls of identify {unknown}
 G - a scroll of blinking {unknown}
 P - a scroll of summoning {unknown}
Potions
 a - 2 potions of berserk rage {unknown}
 h - 3 potions of haste {unknown}
 i - 2 potions of curing {unknown}
 j - a potion of mutation
 k - 3 potions of flight {unknown}
 r - a potion of magic {unknown}
 v - 3 potions of resistance {unknown}
 z - 2 potions of cancellation {unknown}
 E - a potion of brilliance {unknown}
 F - a potion of invisibility {unknown}
 H - 2 potions of heal wounds
 J - 3 potions of degeneration {unknown}
 O - a potion of ambrosia {unknown}
 T - 2 potions of lignification {unknown}
Books
 u - a book of Changes

   Spells                             Type                      Level
   a - Beastly Appendage              Transmutation                1
   b - Sticks to Snakes               Transmutation                2
   c - Spider Form                    Transmutation/Poison         3
   d - Ice Form                       Ice/Transmutation            4
   e - Blade Hands                    Transmutation                5
 L - a book of Geomancy

   Spells                             Type                      Level
   a - Sandblast                      Earth                        1
   b - Passwall                       Transmutation/Earth          2
   c - Stone Arrow                    Conjuration/Earth            3
   d - Petrify                        Transmutation/Earth          4
   e - Lee's Rapid Deconstruction     Earth                        5
 Q - a book of Minor Magic

   Spells                             Type                      Level
   a - Magic Dart                     Conjuration                  1
   b - Blink                          Translocation                2
   c - Call Imp                       Summoning                    2
   d - Slow                           Hexes                        2
   e - Conjure Flame                  Conjuration/Fire             3
   f - Mephitic Cloud                 Conjuration/Poison/Air       3
Comestibles
 f - 18 rations


   Skills:
 + Level 6.1 Fighting
   Level 4.1(5.1) Short Blades
 + Level 4.4(5.2) Long Blades
 + Level 0.4 Polearms
 + Level 10.2 Bows
 + Level 4.8 Armour
 + Level 3.6 Dodging
 + Level 1.0 Stealth


You had 8 spell levels left.
You didn't know any spells.

Dungeon Overview and Level Annotations

Branches:
Dungeon (9/15)             Temple (0/1) D:7
   Lair: D:8-11         Orc: D:9-12

Altars:
Gozag
Ru
Vehumet
Zin

Shops:
D:6 :   D:7 *?[[!*

Annotations:
D:9 2BAD's ghost, novice DsBe


Innate Abilities, Weirdness & Mutations

You have hooves in place of feet.
Armour fits poorly on your strangely shaped body.
You cover ground very quickly.
You have extremely tough skin. (AC +3)
Your flesh is cold resistant. (rC+)
You are resistant to hostile enchantments. (MR+)
Your natural rate of healing is unusually fast.


Message History

The quasit closely misses you. 2BAD's ghost completely misses you.
You riposte.
You miss 2BAD's ghost. 2BAD's ghost is moderately damaged.
The troll bites you.
* * * LOW HITPOINT WARNING * * *
The troll claws you but does no damage. You block the troll's attack.
The iguana bites you.
* * * LOW HITPOINT WARNING * * *
You climb upwards.
The Screaming Sword shouts, "Born from this womb, sliced by this blade!"
The iguana, the quasit and the troll are hurt by the noise.
You kill the quasit!
* * * LOW HITPOINT WARNING * * *
You feel very sick.
There is a stone staircase leading down here.
As you read the scroll of teleportation, it crumbles to dust.
You feel strangely unstable.
* * * LOW HITPOINT WARNING * * *
You feel sick. The troll bites you!
You die...

.# ####.........................
.# ###..........#####..####.. ##
###....##......###.## #..
#.........####).....####..
########.#...............#.......
...........).............#.......
####.....#...................##..
#[...#####.....Tl......<..##....#
#.#### #......@........####..##
#.################......## #..#
#..##........# #......# #..#
##..#........# #......# #..#
##..........# #......# ##.#
###.)......# ######## #.#
#........# ### ##########


You could see a troll and an iguana.

Vanquished Creatures
  A two-headed ogre (D:8)
  A hornet (D:9)
  Eustachio (D:6)
  Grum (D:8)
  Menkaure (D:7)
  An orc warrior (D:8)
  2 wolves (D:8)
  3 ogres
  A centaur (D:5)
  A big kobold (D:7)
  2 bullfrogs (D:8)
  A water moccasin zombie (D:5)
  3 scorpions
  2 howler monkeys
  3 crimson imps
  2 quasits
  2 orc priests
  A bullfrog zombie (D:8)
  A jelly (D:5)
  A centaur zombie (D:2)
  3 bullfrog skeletons
  A centaur skeleton (D:9)
  3 hounds
  5 orc wizards
  7 worker ants
  A hound zombie (D:5)
  12 adders
  7 gnolls
  2 shadow imps
  3 oozes
  An adder skeleton (D:4)
  3 worms
  A dart slug (D:3)
  2 leopard geckos
  26 orcs
  12 bats
  5 giant cockroaches
  9 goblins
  8 hobgoblins
  14 jackals
  3 quokkas
  5 frilled lizards
  9 kobolds
  7 rats
180 creatures vanquished.

Notes
Turn   | Place    | Note
-------+----------+-------------------------------------------
     0 | D:1      | Kairos the Centaur Hunter began the quest for the Orb.
     0 | D:1      | Reached XP level 1. HP: 17/17 MP: 1/1
    53 | D:1      | Reached XP level 2. HP: 24/24 MP: 2/2
   152 | D:1      | Reached skill level 6 in Bows
   277 | D:1      | Reached XP level 3. HP: 29/29 MP: 3/3
  1145 | D:2      | Reached skill level 7 in Bows
  1228 | D:2      | Found a sacrificial altar of Ru.
  1514 | D:2      | Reached XP level 4. HP: 19/37 MP: 4/4
  2642 | D:3      | Reached XP level 5. HP: 36/42 MP: 5/5
  2682 | D:3      | Found a radiant altar of Vehumet.
  2727 | D:3      | Reached skill level 1 in Armour
  3133 | D:3      | Found an opulent altar of Gozag.
  3269 | D:3      | Reached skill level 1 in Short Blades
  4075 | D:4      | Reached XP level 6. HP: 32/51 MP: 6/6
  5160 | D:5      | Entered Level 5 of the Dungeon
  5231 | D:5      | Reached XP level 7. HP: 11/57 MP: 7/7
  7183 | D:5      | Found the +7 Singing Sword
  7435 | D:6      | Reached XP level 8. HP: 63/66 MP: 8/8
  7529 | D:6      | Got an encrusted spear
  7530 | D:6      | Identified the +7 spear of the Big Bang {pain, rN+} (You found it on level 6 of the Dungeon)
  7549 | D:6      | Reached skill level 8 in Bows
  7612 | D:6      | Noticed Eustachio
  7621 | D:6      | Killed Eustachio
  8044 | D:6      | Found Lyngul's Book Emporium.
  8177 | D:7      | Reached skill level 1 in Long Blades
  8200 | D:7      | Noticed Menkaure
  8204 | D:7      | Killed Menkaure
  8211 | D:7      | Found Tanail's Magic Scroll Boutique.
  8251 | D:7      | Found Taray's Assorted Antiques.
  8335 | D:7      | Reached skill level 1 in Stealth
  8362 | D:7      | Found a staircase to the Ecumenical Temple.
  8420 | D:7      | Found Rizismu's Distillery.
  8424 | D:7      | Bought a potion of mutation for 112 gold pieces
  8424 | D:7      | Bought a potion of heal wounds for 70 gold pieces
  8442 | D:7      | Found Keamn's Antique Armour Shoppe.
  8489 | D:7      | Found a glowing silver altar of Zin.
  8491 | D:7      | Found Zin's Purification Station.
  8660 | D:7      | Found Xoenauna's Armour Emporium.
  8847 | D:7      | Gained mutation: You have sharp fingernails. [potion of mutation]
  8847 | D:7      | Gained mutation: Your muscles are strong. (Str +2) [potion of mutation]
  8848 | D:7      | Lost mutation: Your muscles are strong. (Str +2) [potion of mutation]
  8848 | D:7      | Lost mutation: You have sharp fingernails. [potion of mutation]
  8848 | D:7      | Gained mutation: Your natural rate of healing is unusually fast. [potion of mutation]
  8848 | D:7      | Gained mutation: Your flesh is cold resistant. (rC+) [potion of mutation]
  8848 | D:7      | Gained mutation: You are resistant to hostile enchantments. (MR+) [potion of mutation]
  8995 | D:8      | Reached skill level 5 in Fighting
  8996 | D:8      | Reached XP level 9. HP: 53/74 MP: 9/9
  8997 | D:8      | Noticed Grum
  9427 | D:8      | Killed Grum
  9762 | D:9      | Noticed a two-headed ogre
  9769 | D:9      | Noticed 2BAD's ghost (novice DsBe)
  9770 | D:9      | Reached skill level 9 in Bows
  9805 | D:8      | Killed a two-headed ogre
  9805 | D:8      | Reached skill level 10 in Bows
  9834 | D:9      | Noticed a troll
  9840 | D:8      | Slain by a troll

Skill      XL: |  1  2  3  4  5  6  7  8  9 |
---------------+----------------------------+-----
Bows           | 6 7 8 10 | 10.2
Armour         | 1 2 3 4 |  4.8
Short Blades   | 2 3 4 |  4.1
Fighting       | 3 4 5 6 |  6.1
Dodging        | 2 3 |  3.6
Long Blades    | 3 4 |  4.4
Stealth        | 1 |  1.0
Polearms       | |  0.4

Action                   |  1- 3 |  4- 6 |  7- 9 || total
-------------------------+-------+-------+-------++-------
Melee: Short sword       |    45 |   270 |   215 ||   530
       Kick              |     8 |    50 |    61 ||   119
       Double sword      |       |       |    83 ||    83
       Spear             |       |       |    11 ||    11
 Fire: Shortbow          |    61 |    12 |    90 ||   163
Evoke: Wand              |       |       |     2 ||     2
  Use: Scroll            |     3 |       |    10 ||    13
       Potion            |       |       |     2 ||     2
 Stab: Paralysed         |       |       |     3 ||     3
  Eat: Chunk             |       |     5 |     8 ||    13
       Ration            |       |     2 |     1 ||     3
Armor: Leather armour    |     3 |       |       ||     3
       Ring mail         |    18 |   130 |   271 ||   419
Dodge: Dodged            |    20 |   100 |   243 ||   363
Block: Other             |       |     5 |    23 ||    28
       Rpst.: Double sword |       |       |    23 ||    23
